 Dungeon Crawl Stone Soup version 0.32-a0-120-gfac0567ad4 (webtiles) character file.

Game seed: 76096372142731911

245384 cforsyth the Slayer (level 20, -19/166 HPs)
             Began as a Djinni Warper on Feb 5, 2024.
             Was an Initiate of Yredelemnul.
             Killed from afar by a war gargoyle (48 damage)
             ... with a spray of metal splinters
             ... led by a peacekeeper
             ... on level 1 of the Vaults on Feb 6, 2024.
             The game lasted 01:31:34 (40315 turns).

cforsyth the Slayer (Djinni Warper)                Turns: 40315, Time: 01:31:34

Health: -19/166    AC: 16    Str: 12    XL:     20   Next: 26%
Gold:   2489       EV: 22    Int: 22    God:    Yredelemnul [......] SH:  5 Dex: 15

rFire   + + +        a - +8 sling of Pestilence {freeze, rF+ rC+}
rCold   + . .        b - +0 buckler {rC+ rF+}
rNeg    . . .        m - +1 acid dragon scales
rPois   ∞            J - +0 helmet
rElec   .            u - +2 cloak
rCorr   +            T - +0 pair of gloves "Moubyvuc" {Str+2}
SInv    .            (boots unavailable)
Will    ++...        F - amulet of regeneration
Stlth   +            g - +5 ring of evasion
HPRegen 1.27/turn    L - +4 ring of protection
MPRegen 0.00/turn

%: infuse magic (-20 HP)
@: flying
A: sickness immunity, fire resistance 2, cold vulnerability 1, float, innate
caster, HP casting, extra vitality 1
}: 2/15 runes: barnacled, gossamer
a: Renounce Religion, Recall Undead Harvest


You were on level 1 of the Vaults.
You worshipped Yredelemnul.
Yredelemnul was noncommittal.
You visited 6 branches of the dungeon, and saw 31 of its levels.
You also visited: Sewer and Ossuary.

You collected 3913 gold pieces.
You spent 1424 gold pieces at shops.

Inventory:

Hand Weapons
 a - the +8 sling of Pestilence (weapon) {freeze, rF+ rC+}
   (You took it off an angel on level 4 of the Shoals)

   rF+:       It protects you from fire.
   rC+:       It protects you from cold.
 Z - the +1 eveningstar "Qiugowna" {heavy, rN+ Int+5}
   (You took it off a centaur warrior on level 14 of the Dungeon)

   Int+5:     It affects your intelligence (+5).
   rN+:       It protects you from negative energy.
Missiles
 d - 7 darts of dispersal
 i - 39 poisoned darts
 k - 5 throwing nets
 y - 9 curare-tipped darts
Armour
 b - a +0 buckler of resistance (worn)
 m - +1 acid dragon scales (worn)
 u - a +2 cloak (worn)
 J - a +0 helmet (worn)
 T - the +0 pair of gloves "Moubyvuc" (worn) {Str+2}
   (You found it on level 3 of the Lair of Beasts)

   Str+2:     It affects your strength (+2).
 W - +0 pearl dragon scales
Jewellery
 g - a +5 ring of evasion (left hand)
 F - an amulet of regeneration (around neck)
 G - a ring of ice
 L - a +4 ring of protection (right hand)
Wands
 f - a wand of light (15)
 n - a wand of mindburst (25)
 A - a wand of flame (30)
 B - a wand of polymorph (16)
 C - a wand of charming (31)
 N - a wand of roots (19)
Scrolls
 c - 2 scrolls of blinking
 e - 5 scrolls of enchant weapon
 j - 8 scrolls of vulnerability
 l - 7 scrolls of teleportation
 q - 5 scrolls of torment
 s - 8 scrolls of immolation
 v - a scroll of brand weapon
 E - 5 scrolls of revelation
 H - 4 scrolls of noise
 I - 4 scrolls of fog
 M - 9 scrolls of identify
 P - 2 scrolls of fear
 R - 4 scrolls of enchant armour
 U - 5 scrolls of poison
 Y - 2 scrolls of silence
Potions
 h - 4 potions of lignification
 o - 10 potions of curing
 p - 11 potions of heal wounds
 r - 2 potions of invisibility
 t - 4 potions of mutation
 w - 9 potions of ambrosia
 x - 5 potions of attraction
 z - 3 potions of berserk rage
 D - 4 potions of haste
 K - 2 potions of cancellation
 O - 5 potions of brilliance
 Q - 2 potions of enlightenment
 V - 2 potions of resistance
Miscellaneous
 S - a phantom mirror
 X - a sack of spiders


   Skills:
 - Level 21.5 Fighting
 - Level 1.7 Long Blades
 - Level 0.7 Throwing
 - Level 1.0 Armour
 + Level 13.8 Dodging
 - Level 5.0 Shields
 + Level 18.9 Spellcasting
 + Level 18.9 Conjurations
 + Level 18.9 Hexes
 + Level 18.9 Summonings
 + Level 18.9 Necromancy
 + Level 18.9 Translocations
 + Level 18.9 Fire Magic
 + Level 18.9 Ice Magic
 + Level 18.9 Air Magic
 + Level 18.9 Earth Magic
 + Level 18.9 Alchemy


You knew the following spells:

 Your Spells              Type           Power      Damage    Failure   Level
a - Blink                 Tloc           100%       N/A       0%          2
b - Lesser Beckoning      Tloc           100%       N/A       0%          2
c - Teleport Other        Tloc           81%        N/A       0%          3
d - Manifold Assault      Tloc           81%        N/A       1%          4
e - Vhi's Electric Charg  Tloc/Air       100%       N/A       1%          4
f - Necrotise             Necr           100%       1d9       0%          1
g - Scorch                Fire           100%       2d9       0%          2
h - Call Imp              Summ           100%       N/A       0%          2
i - Swiftness             Air            81%        N/A       0%          3
j - Anguish               Hex/Necr       40%        N/A       1%          4
k - Summon Mana Viper     Hex/Summ       81%        N/A       1%          5
l - Sculpt Simulacrum     Ice/Alch       40%        N/A       1%          6
m - Ozocubu's Refrigerat  Ice            40%        4d16      1%          7
n - Orb of Destruction    Conj           40%        9d11      1%          7
Your spell library was empty.

Dungeon Overview and Level Annotations

Branches:
Dungeon (15/15)            Temple (0/1) D:5            Lair (5/5) D:11
 Shoals (4/4) Lair:2       Spider (4/4) Lair:2        Slime (0/5) Lair:4
    Orc (2/2) D:9             Elf (0/3) Orc:2        Vaults (1/5) D:13
 Depths (0/4) D:15          Sewer (visited)         Ossuary (visited)

Altars:
Ashenzari
Dithmenos
Elyvilon
Gozag
Okawaru
Ru
Trog
Uskayaw
Yredelemnul
Zin
The Shining One

Shops:
D:2 *   D:5 ?!   D:7 !   D:8 [   D:9 :   Orc:2 ((?   Shoals:3 !

Annotations:
Spider:2 2 transporters, Gowugiylom's ghost, adept DsCA


Innate Abilities, Weirdness & Mutations

You are immune to sickness and miasma.
You are immune to poison.
Your flesh is very heat resistant. (rF++)
You are vulnerable to cold. (rC-)
You float through the air rather than walking.
You learn spells naturally, not from books.
Your magical power is your life essence.
You have superior vitality. (+4 MHP)


Message History

The war gargoyle hits you with a +2 great mace of protection!!
Flames lash the war gargoyle but do no damage.
You block the peacekeeper's attack. The peacekeeper closely misses you.
The war gargoyle hits you with a +2 great mace of protection!!!
The peacekeeper bites you but does no damage.
The peacekeeper closely misses you.
You hear a shout!
Casting: Scorch (safe; 0% risk of failure)
Confirm with . or Enter, or press ? or * to list all spells.
The heat is drained from your surroundings.
The peacekeeper resists.
The peacekeeper is severely damaged.
The war gargoyle resists.
The war gargoyle is lightly damaged.
The war gargoyle launches metal splinters at you.
The spray of metal splinters hits you. The peacekeeper misses you.
The peacekeeper barely misses you.
There are monsters nearby!
Casting: Ozocubu's Refrigeration (dangerous; 1% risk of failure)
Confirm with . or Enter, or press ? or * to list all spells.
The heat is drained from your surroundings.
The peacekeeper resists.
You destroy the peacekeeper!
The war gargoyle resists.
The war gargoyle is moderately damaged.
The war gargoyle hits you with a +2 great mace of protection!!!
* * * LOW HITPOINT WARNING * * *
The war gargoyle hits you with a +2 great mace of protection!
* * * LOW HITPOINT WARNING * * *
You feel much better.
The war gargoyle hits you with a +2 great mace of protection.
* * * LOW HITPOINT WARNING * * *
Casting: Ozocubu's Refrigeration (dangerous; 1% risk of failure)
Confirm with . or Enter, or press ? or * to list all spells.
A mana viper appears with a sibilant hiss.
* * * LOW HITPOINT WARNING * * *
The war gargoyle launches metal splinters at you.
The spray of metal splinters hits you!!!
You die...
Your body becomes fuel for the black torch.

#......# #......#
#......##############
#......##.......Z...# #
+......##.#########.# .
#......##.#.#.'...#.#.p
#......##.#.#.#####.#.p
#...>..##.#.#.....#.p..
#.....@##.#'#.∩[#'#O#..
#.....9##.'[....#.#S#.#
#....S.##.#####.#.#.# #
#######'##.#...'[#.#.#
.........'.#########.#
.........'.......Z.O.#
.........#############
.........# .........#


You could see a war gargoyle (strong, catching breath, ally target) and a
friendly mana viper (summoned).

Vanquished Creatures
  Polyphemus (Shoals:3)
  Kirke (D:15)
  Ilsuiw (Shoals:3)
  An ironbound preserver (D:13)
  An angel (Shoals:4)
  A broodmother (Spider:1)
  An ironbound thunderhulk (D:13)
  A dire elephant (Vaults:1)
  Azrael (Spider:1)
  A spark wasp (Spider:4)
  10 merfolk impalers
  An entropy weaver (Spider:2)
  5 merfolk javelineers
  A peacekeeper (Vaults:1)
  A vault guard (D:13)
  3 catoblepae
  A merfolk avatar (Shoals:3)
  3 hydras
  6 centaur warriors
  2 jorogumos
  3 boulder beetles (D:14)
  9 two-headed ogres
  3 tengu warriors
  2 satyrs (Shoals:3)
  A merfolk aquamancer (Shoals:1)
  6 demonic crawlers
  3 death yaks (Shoals:3)
  Sonja (D:10)
  2 skysharks
  2 pharaoh ants
  2 skeletal warriors
  8 sea snakes
  A spark wasp zombie (D:15)
  Lodul (D:10)
  6 deep trolls
  An arcanist (Vaults:1)
  A spectral merfolk (Shoals:3)
  6 orb spiders
  Pikel (D:8)
  3 steelbarb worms
  A lindwurm (Lair:4)
  3 ironbound convokers
  4 harpies (Shoals:2)
  10 wolf spiders
  3 oklob plants (D:11)
  An orc sorcerer (Orc:2)
  3 ugly things
  A faun (Shoals:2)
  A necromancer (D:15)
  9 manticores
  7 cyclopes
  5 elephants
  2 moths of wrath
  8 merfolk sirens
  Joseph (D:7)
  3 black mambas
  2 kobold blastminers (Orc:2)
  A torpor snail (Spider:2)
  6 water nymphs
  A gargoyle (D:12)
  Maggie (D:9)
  Jeremiah (D:8)
  15 cane toads
  3 komodo dragons
  A steelbarb worm zombie (Spider:4)
  27 merfolk
  12 trolls
  A harpy zombie (Shoals:2)
  A hornet (D:10)
  A tyrant leech (Lair:5)
  3 wind drakes
  11 tarantellas
  19 blink frogs
  2 tarantella zombies
  2 dream sheep
  6 snapping turtles
  2 spectral cherubs (Shoals:4)
  A jumping spider zombie (Spider:1)
  6 merfolk zombies
  A satyr zombie (Shoals:3)
  A slime creature (D:14)
  26 jumping spiders
  8 culicivoras
  A shadow (D:11)
  A wyvern (Lair:1)
  2 wraiths
  37 yaks
  2 humans (D:13)
  3 basilisks
  A hog (D:15)
  6 water elementals
  21 redbacks
  8 vampire mosquitoes
  2 steam dragons (D:9)
  3 hell hounds (Spider:1)
  3 acid dragons
  12 water moccasins
  A cane toad zombie (Lair:5)
  11 orc warriors
  A snapping turtle zombie (Shoals:4)
  2 ice beasts
  3 black bears
  A sky beast (D:7)
  3 manticore zombies
  9 ogres
  A laughing skull (D:8)
  A torpor snail zombie (Spider:3)
  3 centaurs
  6 wolves
  2 lemures (D:8)
  2 kobold brigands
  A phantom (D:7)
  16 bullfrogs
  A cyclops zombie (Shoals:4)
  5 scorpions
  A hell hound zombie (Spider:1)
  9 howler monkeys
  An electric eel (Lair:2)
  2 jellies (D:6)
  3 hounds
  2 orc priests
  A gnoll bouda (D:6)
  A human zombie (D:6)
  2 sleepcaps
  3 iguanas
  14 orc wizards
  8 mummies (Ossuary)
  16 gnolls
  13 adders
  2 shadow imps
  A ribbon worm zombie (D:6)
  2 white imps
  4 ufetubi
  An adder zombie (Sewer)
  5 dart slugs
  3 ribbon worms
  56 orcs
  9 ball pythons
  11 bats
  9 endoplasms
  5 giant cockroaches
  A gnoll zombie (Ossuary)
  7 goblins
  18 hobgoblins
  3 quokkas
  7 frilled lizards
  5 hobgoblin zombies (Ossuary)
  16 kobolds
  A kobold zombie (Ossuary)
  An orc zombie (Ossuary)
  5 rats
747 creatures vanquished.

Vanquished Creatures (collateral kills)
  Mlioglotl (Spider:3)
  Gastronok (D:10)
  4 emperor scorpions (Spider:4)
  2 ghost moths
  An orc warlord (Orc:1)
  2 broodmothers
  A formless jellyfish (Vaults:1)
  An ironbound thunderhulk (D:13)
  2 dire elephants (Vaults:1)
  A war gargoyle (D:14)
  A spark wasp (Spider:3)
  3 merfolk javelineers (Shoals:4)
  5 merfolk impalers
  2 entropy weavers (Spider:4)
  3 hydras
  3 merfolk aquamancers
  3 ogre magi
  A radroach (Spider:4)
  A catoblepas (Lair:2)
  An ironbound frostheart (Vaults:1)
  A jorogumo (Spider:4)
  An alligator snapping turtle (Shoals:4)
  6 boulder beetles
  4 centaur warriors
  8 two-headed ogres
  2 death yaks
  A sphinx skeleton (D:15)
  4 tengu warriors
  5 demonic crawlers
  A vampire mage (D:14)
  3 pharaoh ants
  4 skysharks
  Amaemon (Lair:2)
  A storm dragon zombie (D:15)
  2 cherubim (Shoals:4)
  3 deep trolls
  3 goliath frogs (Lair:5)
  4 skeletal warriors
  7 sea snakes
  2 orb spiders
  3 sun moths (Spider:4)
  4 steelbarb worms
  The ghost of grandjackal the Spawn of Chaos, a novice DsGl of Makhleb (D:7)
  13 harpies
  7 cyclopes
  A moth of wrath (Spider:4)
  9 wolf spiders
  4 ugly things
  5 manticores
  A kobold blastminer (Orc:2)
  4 torpor snails
  11 elephants
  An orange demon (Lair:2)
  7 cane toads
  A rime drake (Lair:2)
  An unseen horror (shapeshifter) (D:13)
  Psyche (D:8)
  The ghost of Azoth the Insei, a novice OpSh (D:5)
  2 komodo dragons
  A freezing wraith (D:14)
  4 merfolk
  2 wind drakes (Shoals:4)
  4 trolls (Orc:2)
  A polar bear (Lair:3)
  12 blink frogs
  3 dream sheep (Shoals:2)
  7 tarantellas
  2 slime creatures (D:14)
  8 snapping turtles
  16 jumping spiders
  26 yaks
  3 water elementals
  2 hogs (D:15)
  A human (D:13)
  A warg (Orc:1)
  11 culicivoras
  A wyvern (D:8)
  16 redbacks
  5 basilisks
  3 vampire mosquitoes
  4 water moccasins
  A hell hound (Spider:1)
  6 orc warriors
  2 centaurs
  4 wolves
  19 ogres
  A kobold brigand (D:8)
  A gnoll sergeant (D:11)
  A scorpion (D:12)
  2 bullfrogs
  3 orc priests
  3 orc wizards
  A gnoll (D:11)
  An adder (D:5)
  A dart slug (Sewer)
  19 orcs
  A quokka (D:2)
  A goblin zombie (D:6)
  2 kobolds (D:8)
  2 rats (D:2)
  A rat zombie (D:6)
384 creatures vanquished.

Vanquished Creatures (others)
  An emperor scorpion zombie (Spider:4)
  A ghost moth zombie (Spider:4)
  A jorogumo zombie (Spider:4)
  4 wolf spider zombies
  A broodmother zombie (Spider:4)
  4 ugly thing zombies
  A formless jellyfish zombie (Vaults:1)
  3 centaur zombies (D:14)
  2 dire elephant zombies (Vaults:1)
  4 death yak zombies (Shoals:3)
  A steelbarb worm zombie (Spider:4)
  An orb spider zombie (Spider:4)
  5 sea snake zombies
  17 redback zombies
  5 harpy zombies
  A demonic crawler zombie (Spider:2)
  A hydra zombie (Lair:5)
  6 culicivora zombies
  13 jumping spider zombies
  A moth of wrath zombie (Spider:2)
  A satyr zombie (Shoals:3)
  A radroach zombie (Spider:4)
  2 tarantella zombies (Spider:4)
  A black mamba zombie (Lair:4)
  A boulder beetle zombie (D:14)
  A wind drake zombie (Shoals:4)
  A slime creature zombie (D:14)
  3 deep troll zombies (Vaults:1)
  2 tengu zombies
  2 water nymph zombies (Shoals:4)
  6 two-headed ogre zombies
  An entropy weaver zombie (Spider:4)
  7 cane toad zombies
  3 human zombies
  A hornet zombie (D:10)
  16 merfolk zombies
  3 manticore zombies
  6 elephant zombies
  7 blink frog zombies
  An ogre (Orc:2)
  2 hog zombies (D:15)
  2 torpor snail zombies
  A barachi zombie (D:8)
  2 komodo dragon zombies
  A hell hound zombie (Spider:1)
  4 cyclops zombies
  3 water moccasin zombies
  7 troll zombies
  9 yak zombies
  A wolf zombie (Lair:4)
  5 bullfrog zombies
  A scorpion zombie (D:12)
  An orc wizard (Orc:2)
  An ice beast zombie (D:6)
  An acid dragon zombie (D:8)
  13 ogre zombies
  3 howler monkey zombies
  A steam dragon zombie (D:9)
  2 adder zombies (D:5)
  An iguana zombie (D:7)
  A jelly zombie (D:6)
  2 spectral white imps
  3 bat zombies
  A ball python zombie (D:2)
  A dart slug zombie (D:2)
  2 giant cockroach zombies (D:2)
  4 gnoll zombies
  A goblin zombie (D:3)
  4 hobgoblin zombies
  7 kobold zombies
  35 orc zombies
261 creatures vanquished.

Grand Total: 1392 creatures vanquished

Notes
Turn   | Place    | Note
-------+----------+-------------------------------------------
     0 | D:1      | cforsyth the Djinni Warper began the quest for the Orb.
     0 | D:1      | cforsyth set off with the following spells memorised:
                  | Blink, Lesser Beckoning, Teleport Other, Manifold Assault,
                  | Vhi's Electric Charge.
     0 | D:1      | Reached XP level 1. HP: 18/18 MP: 0/0
   168 | D:1      | Reached XP level 2. HP: 12/23 MP: 0/0
   508 | D:1      | You are sucked into a shaft and drop 1 floor!
   767 | D:1      | Reached XP level 3. HP: 29/29 MP: 0/0
   767 | D:1      | Learned a level 1 spell: Necrotise
  1274 | D:2      | Found Feraseim's General Store.
  1286 | D:2      | Reached skill level 3 in Fighting
  1444 | D:2      | Reached XP level 4. HP: 33/35 MP: 0/0
  1616 | D:2      | Found a faded altar of an unknown god.
  1663 | D:2      | Prayed at the altar of an unknown god.
  1663 | D:2      | Became a worshipper of Yredelemnul the Dark
  1663 | D:2      | Reached * piety under Yredelemnul
  2166 | D:3      | Found a hide-covered altar of Uskayaw.
  2191 | D:3      | Reached XP level 5. HP: 15/41 MP: 0/0
  2191 | D:3      | Learned a level 2 spell: Scorch
  2993 | D:4      | Reached skill level 4 in Fighting
  3137 | D:4      | Found an opulent altar of Gozag.
  3259 | D:5      | Entered Level 5 of the Dungeon
  3267 | D:5      | Found a staircase to the Ecumenical Temple.
  3278 | D:5      | Reached XP level 6. HP: 37/47 MP: 0/0
  4098 | D:5      | Reached skill level 5 in Fighting
  4165 | D:5      | Noticed Azoth's ghost (novice OpSh)
  4167 | D:5      | Found a runed translucent door.
  4191 | D:5      | Found a sacrificial altar of Ru.
  4263 | D:5      | Found Xuzxuts Dout's Distillery.
  4264 | D:5      | Found Ykoif's Magic Scroll Shop.
  4271 | D:5      | Bought a scroll of teleportation for 39 gold pieces
  4271 | D:5      | Bought a scroll of identify for 26 gold pieces
  4271 | D:5      | Bought a scroll of identify for 26 gold pieces
  4271 | D:5      | Bought a scroll of identify for 26 gold pieces
  4408 | D:5      | Reached XP level 7. HP: 48/54 MP: 0/0
  4408 | D:5      | Learned a level 2 spell: Call Imp
  5086 | D:6      | Found a glowing drain.
  5090 | Sewer    | Entered a sewer
  5267 | Sewer    | Reached skill level 5 in Spellcasting
  5267 | Sewer    | Reached skill level 5 in Conjurations
  5267 | Sewer    | Reached skill level 5 in Hexes
  5267 | Sewer    | Reached skill level 5 in Summonings
  5267 | Sewer    | Reached skill level 5 in Necromancy
  5267 | Sewer    | Reached skill level 5 in Translocations
  5267 | Sewer    | Reached skill level 5 in Fire Magic
  5267 | Sewer    | Reached skill level 5 in Ice Magic
  5267 | Sewer    | Reached skill level 5 in Air Magic
  5267 | Sewer    | Reached skill level 5 in Earth Magic
  5267 | Sewer    | Reached skill level 5 in Alchemy
  5269 | Sewer    | Reached ** piety under Yredelemnul
  5469 | D:6      | Found a broken altar of Ashenzari.
  5477 | D:6      | Reached skill level 6 in Fighting
  5538 | D:6      | Reached XP level 8. HP: 51/61 MP: 0/0
  5540 | D:6      | Found a sand-covered staircase.
  5562 | Ossuary  | Entered an ossuary
  6344 | D:6      | Reached skill level 7 in Fighting
  7103 | D:6      | Reached XP level 9. HP: 60/70 MP: 0/0
  7103 | D:6      | Learned a level 3 spell: Swiftness
  7383 | D:6      | Reached skill level 8 in Fighting
  8374 | D:7      | Noticed Joseph
  8384 | D:7      | Killed Joseph
  8385 | D:7      | Reached skill level 9 in Fighting
  8746 | D:7      | Found a runed translucent door.
  8747 | D:7      | Noticed grandjackal's ghost (novice DsGl)
  8826 | D:7      | Found a shadowy altar of Dithmenos.
  8915 | D:7      | Found Macsups's Distillery.
  8919 | D:7      | Bought a potion of curing for 39 gold pieces
  9173 | D:5      | Bought a potion of haste for 110 gold pieces
  9173 | D:5      | Bought a potion of mutation for 88 gold pieces
  9386 | D:8      | Found Ired's Armour Emporium.
  9396 | D:8      | Noticed Pikel
  9421 | D:8      | Killed Pikel
  9422 | D:8      | Reached XP level 10. HP: 48/80 MP: 0/0
  9433 | D:8      | Reached skill level 10 in Fighting
  9641 | D:8      | Noticed Psyche
  9645 | D:8      | Killed Psyche
  9646 | D:8      | Reached skill level 1 in Shields
  9705 | D:8      | Noticed a two-headed ogre
  9713 | D:8      | Killed a two-headed ogre
  9941 | D:8      | Noticed Jeremiah
  9953 | D:8      | Killed Jeremiah
 10086 | D:8      | Noticed a centaur warrior
 10086 | D:8      | Reached *** piety under Yredelemnul
 10099 | D:8      | Your ally Jeremiah died
 10308 | D:8      | Killed a centaur warrior
 10308 | D:8      | Noticed a cyclops
 10390 | D:8      | Killed a cyclops
 10391 | D:8      | Reached skill level 11 in Fighting
 10391 | D:8      | Reached XP level 11. HP: 81/87 MP: 0/0
 10391 | D:8      | Learned a level 4 spell: Anguish
 10752 | D:8      | Found a basalt altar of Yredelemnul.
 10937 | D:9      | Noticed Maggie
 10945 | D:9      | Killed Maggie
 10993 | D:9      | Reached skill level 5 in Shields
 11000 | D:9      | Noticed a two-headed ogre
 11016 | D:9      | Killed a two-headed ogre
 11110 | D:9      | Found a staircase to the Orcish Mines.
 11402 | D:9      | Found Viwnuxzuphy's Book Shop.
 11969 | D:9      | Reached skill level 12 in Fighting
 12113 | D:9      | Found a staircase to the Orcish Mines.
 12156 | D:9      | Found Viwnuxzuphy's Book Shop.
 12397 | D:10     | Entered Level 10 of the Dungeon
 12479 | D:10     | Noticed a two-headed ogre
 12490 | D:10     | Killed a two-headed ogre
 12557 | D:10     | Found a white marble altar of Elyvilon.
 12646 | D:10     | Noticed Sonja
 12658 | D:10     | Killed Sonja
 12694 | D:10     | Found a glowing silver altar of Zin.
 12859 | D:10     | Noticed Lodul
 12868 | D:10     | Reached **** piety under Yredelemnul
 12883 | D:10     | Reached skill level 10 in Spellcasting
 12883 | D:10     | Reached skill level 10 in Conjurations
 12883 | D:10     | Reached skill level 10 in Hexes
 12883 | D:10     | Reached skill level 10 in Summonings
 12883 | D:10     | Reached skill level 10 in Necromancy
 12883 | D:10     | Reached skill level 10 in Translocations
 12883 | D:10     | Reached skill level 10 in Fire Magic
 12883 | D:10     | Reached skill level 10 in Ice Magic
 12883 | D:10     | Reached skill level 10 in Air Magic
 12883 | D:10     | Reached skill level 10 in Earth Magic
 12883 | D:10     | Reached skill level 10 in Alchemy
 13022 | D:10     | Killed Lodul
 13023 | D:10     | Reached XP level 12. HP: 89/96 MP: 0/0
 13088 | D:10     | Found an iron altar of Okawaru.
 13221 | D:10     | Noticed Gastronok
 13230 | D:10     | Killed Gastronok
 13231 | D:10     | Reached skill level 13 in Fighting
 13882 | D:8      | Bought a +0 buckler of resistance for 378 gold pieces
 13951 | D:11     | Noticed a skeletal warrior
 13951 | D:11     | Noticed a skeletal warrior
 13951 | D:11     | Noticed a skeletal warrior
 13951 | D:11     | Noticed a skeletal warrior
 14153 | D:11     | Found a staircase to the Lair.
 14277 | Lair:1   | Entered Level 1 of the Lair of Beasts
 14682 | Lair:1   | Reached skill level 14 in Fighting
 15580 | Lair:1   | Reached XP level 13. HP: 55/106 MP: 0/0
 15580 | Lair:1   | Learned a level 5 spell: Summon Mana Viper
 16226 | Lair:2   | Reached skill level 15 in Fighting
 16242 | Lair:2   | Reached ***** piety under Yredelemnul
 16253 | Lair:2   | Upgraded the game from 0.32-a0-86-g8db1b9f803 to
                  | 0.32-a0-119-g2e8054a333
 16253 | Lair:2   | Upgraded the game from 0.32-a0-119-g2e8054a333 to
                  | 0.32-a0-120-gfac0567ad4
 16256 | Lair:2   | Noticed Amaemon
 16271 | Lair:2   | Killed Amaemon
 16299 | Lair:2   | Found a hole to the Spider Nest.
 16532 | Lair:2   | Reached ****** piety under Yredelemnul
 16829 | Lair:2   | Noticed a catoblepas
 16834 | Lair:2   | Noticed an eight-headed hydra
 16849 | Lair:2   | Killed a catoblepas
 16853 | Lair:2   | Killed an eight-headed hydra
 17102 | Lair:2   | Found a staircase to the Shoals.
 17387 | Lair:3   | Reached skill level 16 in Fighting
 17400 | Lair:3   | Reached XP level 14. HP: 32/116 MP: 0/0
 17685 | Lair:3   | Identified the +0 pair of gloves "Moubyvuc" {Str+2}
 17721 | Lair:3   | Found a bloodstained altar of Trog.
 17937 | Lair:3   | You are sucked into a shaft and drop 1 floor!
 18368 | Lair:4   | Reached skill level 17 in Fighting
 18453 | Lair:4   | Found a staircase to the Slime Pits.
 19023 | Lair:5   | Entered Level 5 of the Lair of Beasts
 19772 | Lair:5   | Reached XP level 15. HP: 119/125 MP: 0/0
 19772 | Lair:5   | Learned a level 6 spell: Sculpt Simulacrum
 20275 | D:11     | Reached skill level 18 in Fighting
 21136 | D:12     | Found a glowing golden altar of the Shining One.
 21821 | D:12     | Found the +11 Singing Sword {sonic wave}
 22095 | Orc:1    | Entered Level 1 of the Orcish Mines
 22550 | Orc:2    | Entered Level 2 of the Orcish Mines
 22726 | Orc:2    | Noticed an orc warlord
 23192 | Orc:1    | Killed an orc warlord
 23518 | Orc:2    | Reached skill level 19 in Fighting
 23539 | Orc:2    | Found Eblostos's Antique Weapon Boutique.
 23540 | Orc:2    | Found Eqaeph's Weapon Emporium.
 23546 | Orc:2    | Found Goetaehe's Magic Scroll Boutique.
 23556 | Orc:2    | Reached XP level 16. HP: 110/135 MP: 0/0
 23632 | Orc:2    | Bought a scroll of acquirement for 624 gold pieces
 23632 | Orc:2    | Acquired 761 gold pieces
 23636 | Orc:2    | Found Vitioton's Weapon Shop.
 23672 | Orc:2    | Found a staircase to the Elven Halls.
 24237 | D:5      | Killed Azoth's ghost
 24238 | D:5      | Reached skill level 15 in Spellcasting
 24238 | D:5      | Reached skill level 15 in Conjurations
 24238 | D:5      | Reached skill level 15 in Hexes
 24238 | D:5      | Reached skill level 15 in Summonings
 24238 | D:5      | Reached skill level 15 in Necromancy
 24238 | D:5      | Reached skill level 15 in Translocations
 24238 | D:5      | Reached skill level 15 in Fire Magic
 24238 | D:5      | Reached skill level 15 in Ice Magic
 24238 | D:5      | Reached skill level 15 in Air Magic
 24238 | D:5      | Reached skill level 15 in Earth Magic
 24238 | D:5      | Reached skill level 15 in Alchemy
 24443 | D:7      | Killed grandjackal's ghost
 25470 | D:13     | Found a gate to the Vaults.
 25582 | D:13     | Identified the +5 ring mail "Piogef" {rC+ SInv}
 25870 | D:14     | Identified the +1 eveningstar "Qiugowna" {heavy, rN+ Int+5}
 26519 | D:15     | Entered Level 15 of the Dungeon
 26559 | D:15     | Noticed Kirke
 26571 | D:15     | Killed Kirke
 26572 | D:15     | Reached skill level 20 in Fighting
 26648 | D:15     | Found a staircase to the Depths.
 27376 | D:15     | Reached XP level 17. HP: 135/144 MP: 0/0
 27376 | D:15     | Learned a level 7 spell: Ozocubu's Refrigeration
 27396 | D:15     | Identified the +2 pair of boots "Zaizuop" {Int+3}
 27581 | Spider:1 | Entered Level 1 of the Spider Nest
 28354 | Spider:1 | Noticed Azrael
 28368 | Spider:1 | Killed Azrael
 28870 | Spider:2 | Noticed Gowugiylom's ghost (adept DsCA)
 28874 | Spider:2 | Found a transporter.
 28882 | Spider:2 | Found a transporter.
 29108 | Spider:2 | Reached skill level 21 in Fighting
 30903 | Spider:3 | Noticed Mlioglotl
 30914 | Spider:3 | Killed Mlioglotl
 31833 | Spider:4 | Entered Level 4 of the Spider Nest
 32014 | Spider:4 | Reached XP level 18. HP: 91/153 MP: 0/0
 32310 | Spider:4 | Reached skill level 5 in Dodging
 33459 | Spider:4 | Got a gossamer rune of Zot
 33640 | Shoals:1 | Entered Level 1 of the Shoals
 34297 | Shoals:1 | Identified the +3 leather armour of Poden {Str+2}
 34748 | Shoals:2 | Reached XP level 19. HP: 138/159 MP: 0/0
 34748 | Shoals:2 | Learned a level 7 spell: Orb of Destruction
 34944 | Shoals:2 | Reached skill level 10 in Dodging
 35949 | Shoals:3 | Noticed Polyphemus
 35964 | Shoals:3 | Killed Polyphemus
 36023 | Shoals:3 | Noticed Ilsuiw
 36201 | Shoals:3 | Found Ottum's Distillery.
 36209 | Shoals:3 | Bought a potion of might for 68 gold pieces
 36694 | Shoals:3 | Killed Ilsuiw
 37222 | Shoals:4 | Entered Level 4 of the Shoals
 37760 | Shoals:4 | Found a glowing silver altar of Zin.
 37946 | Shoals:4 | Found a white marble altar of Elyvilon.
 38133 | Shoals:4 | Identified the staff of Articulation {rPois rF+ Alchemy}
 38282 | Shoals:4 | Found a glowing golden altar of the Shining One.
 38294 | Shoals:4 | Reached XP level 20. HP: 107/166 MP: 0/0
 38296 | Shoals:4 | Identified the +8 sling of Pestilence {freeze, rF+ rC+}
 38663 | Shoals:4 | Identified the staff of Causality {Int+3 Earth}
 38666 | Shoals:4 | Got a barnacled rune of Zot
 38943 | Vaults:1 | Entered Level 1 of the Vaults
 40315 | Vaults:1 | Killed from afar by a war gargoyle

Illustrated notes

Levels and vault maps discovered:
D:1:      dpeg_arrival_more_subterranean_lakeside_camping, layout_loops_corners
D:2:      layout_loops_ring, ebering_ecumenical_altar_mist, serial_shops,
          nicolae_shop_statue_plus, minmay_box_of_dots
D:3:      layout_rooms, nicolae_uskayaw_dance_hall, nicolae_vehumet_altar_sigil,
          nicolae_houndstooth_variations
D:4:      kennysheep_spiral_hall, layout_gridville, grunt_gozag_breadcrumbs,
          minmay_pentomino_pile
D:5:      layout_basic, nicolae_ru_great_annihilating_truth,
          minmay_temple_entry_junction_2, gammafunk_ghost_grave,
          dreamdust_mushroom_princess, nicolae_wooded_promenade
D:6:      layout_layer_cave, nicolae_overflow_hidden_temple,
          mainiacjoe_sewer_entry_somewhere_in_here_2, enter_ossuary_3,
          blue_anna_alchemist, minmay_misc_feat_ornament,
          corexii_leaking_fountain, chequers_jeans, kennysheep_small_square
D:7:      layout_loops_ring, grunt_dithmenos_shadows, serial_shops, shop,
          ebering_ghost_inner_flame, chequers_serial_rivers_micro_a, uniq_joseph
D:8:      minmay_cornered_nines, layout_basic, mainiacjoe_overflow_alcove_2,
          serial_shops, shop, grunt_ministairs_14, uniq_pikel, uniq_jeremiah,
          uniq_psyche
D:9:      layout_rooms, mainiacjoe_overflow_boulevard, orc_0_dummy,
          nicolae_stop_n_shop_1, grunt_ministairs_7, corner_web_ring,
          uniq_maggie
D:10:     layout_basic, kennysheep_mini_moat, mainiacjoe_overflow_tiny_flanked,
          nicolae_elyvilon_peaceful_grove, uniq_gastronok, uniq_sonja,
          uniq_lodul
D:11:     layout_loops_cross, dpeg_oklobed_lair
D:12:     old_forge, layout_basic, tso_metal_star
D:13:     layout_basic, hellmonk_vaults_keyhole
D:14:     minmay_roctagon, layout_rooms, kennysheep_cross_bottleneck
D:15:     gammafunk_depths_entry_grave, layout_loops_ring, serial_bayou_pond_c,
          uniq_kirke
Lair:1:   layout_small_grid, minivault_25
Lair:2:   layout_regular_city, elwin_shoals_entry_rooms,
          spider_nest_entry_rubble, nzn_random_ring, infiniplex_staircase_pool,
          uniq_amaemon
Lair:3:   layout_misc_corridors, basic_altar, amcnicky_mini_pool_medium
Lair:4:   layout_loops_ring, slime_entry_1, beast_lair_carwin_1
Lair:5:   minmay_lair_end_frog_pond, layout_gridlike
Shoals:1: layout_shoals
Shoals:2: layout_shoals, nicolae_tricolors
Shoals:3: layout_shoals, serial_shops, shop, uniq_ilsuiw, uniq_polyphemus
Shoals:4: shoals_end_hellmonk_holy_island, serial_shops
Spider:1: layout_spider_delve, hangedman_spider_tarantella_strand, uniq_azrael
Spider:2: layout_spider_delve, gammafunk_ghost_berserking_beasts
Spider:3: layout_chambers, uniq_mlioglotl
Spider:4: grunt_spider_rune_island
Orc:1:    layout_diamond_mine, lightli_orcish_oven
Orc:2:    st_orc_open, layout_caves
Vaults:1: nicolae_vaults_twisting_passages, serial_library_hellmonk_open_square,
          nicolae_vaults_windows_and_doors_thing, nicolae_vaults_network_star,
          nicolae_vaults_mini_display_case, nicolae_vaults_house_2,
          nicolae_vaults_little_squares_1, nicolae_vaults_trapezoid_lopsided_1,
          nicolae_vaults_closet_pinwheel_4, nicolae_vaults_security_offices_2,
          nicolae_vaults_storage_closets_2, v_misc_15, layout_vaults_omnibox

Skill      XL: |  1  2  3  4  5  6  7  8  9 10 11 12 13 14 15 16 17 18 19 |
---------------+----------------------------------------------------------+-----
Spellcasting   | 3 4 5 6 7 8 10 11 12 13 14 15 16 17 18 | 18.9
Conjurations   | 3 4 5 6 7 8 10 11 12 13 14 15 16 17 18 | 18.9
Hexes          | 3 4 5 6 7 8 10 11 12 13 14 15 16 17 18 | 18.9
Summonings     | 3 4 5 6 7 8 10 11 12 13 14 15 16 17 18 | 18.9
Necromancy     | 3 4 5 6 7 8 10 11 12 13 14 15 16 17 18 | 18.9
Translocations | 3 4 5 6 7 8 10 11 12 13 14 15 16 17 18 | 18.9
Fire Magic     | 3 4 5 6 7 8 10 11 12 13 14 15 16 17 18 | 18.9
Ice Magic      | 3 4 5 6 7 8 10 11 12 13 14 15 16 17 18 | 18.9
Air Magic      | 3 4 5 6 7 8 10 11 12 13 14 15 16 17 18 | 18.9
Earth Magic    | 3 4 5 6 7 8 10 11 12 13 14 15 16 17 18 | 18.9
Alchemy        | 3 4 5 6 7 8 10 11 12 13 14 15 16 17 18 | 18.9
Fighting       | 3 4 5 6 7 9 11 12 14 16 17 19 20 21 | 21.5
Shields        | 4 5 |  5.0
Dodging        | 3 9 13 | 13.8
Long Blades    | |  1.7
Throwing       | |  0.7
Armour         | |  1.0

Action                     |  1- 3 |  4- 6 |  7- 9 | 10-12 | 13-15 | 16-18 | 19-21 || total
---------------------------+-------+-------+-------+-------+-------+-------+-------++-------
  Melee: Falchion          |    60 |       |    15 |       |       |       |       ||    75
         Punch             |     3 |       |     2 |     1 |       |       |       ||     6
         Staff             |       |       |       |     5 |     5 |     1 |       ||    11
   Fire: Sling             |       |       |       |       |       |       |     7 ||     7
   Cast: Necrotise         |    40 |    66 |       |       |       |       |       ||   106
         Scorch            |       |    70 |   198 |   360 |   770 |   843 |   298 ||  2539
         Blink             |       |       |     5 |     4 |     7 |     2 |       ||    18
         Call Imp          |       |       |     3 |    16 |    13 |    43 |     7 ||    82
         Lesser Beckoning  |       |       |       |     1 |       |     1 |     1 ||     3
         Anguish           |       |       |       |     3 |       |     2 |       ||     5
         Swiftness         |       |       |       |     1 |     2 |     4 |       ||     7
         Summon Mana Viper |       |       |       |       |    43 |   104 |    56 ||   203
         Teleport Other    |       |       |       |       |       |     1 |       ||     1
         Ozocubu's Refrige |       |       |       |       |       |    70 |    76 ||   146
         Orb of Destructio |       |       |       |       |       |       |     5 ||     5
 Invoke: Recall Undead Har |       |       |       |     3 |       |     1 |     1 ||     5
  Evoke: Wand              |       |       |       |       |     3 |       |     1 ||     4
    Use: Scroll            |       |       |    19 |     7 |     4 |     5 |     3 ||    38
         Potion            |       |       |       |       |       |     1 |     1 ||     2
 Armour: Leather armour    |    59 |    34 |    17 |       |       |       |       ||   110
         Acid dragon scale |       |       |   116 |   125 |   282 |   473 |   153 ||  1149
  Dodge: Dodged            |    60 |    23 |    86 |   123 |   311 |   308 |   155 ||  1066
  Block: Buckler           |       |       |       |    23 |   122 |   107 |    44 ||   296

Table legend: (Time is in decaauts)
 A = Elapsed time spent in this place.
 B = Non-inter-level travel time spent in this place.
 C = Inter-level travel time spent in this place.
 D = Time resting spent in this place.
 E = Time spent auto-exploring this place.
 F = Levels seen in this place.
 G = Mean time per level.
                   A        B        C        D        E       F      G
               +--------+--------+--------+--------+--------+-----+--------+
         Total |  40409 |  38061 |   2348 |   6204 |  24573 |  33 | 1224.5 |
       Dungeon |  19174 |  17792 |   1382 |   2875 |  11888 |  15 | 1278.3 |
          Lair |   6422 |   6028 |    394 |    915 |   3795 |   5 | 1284.4 |
        Shoals |   5170 |   4922 |    248 |   1139 |   2858 |   4 | 1292.5 |
   Spider Nest |   6035 |   5815 |    220 |    172 |   4564 |   4 | 1508.8 |
  Orcish Mines |   1996 |   1894 |    102 |    379 |   1012 |   2 |  998.0 |
        Vaults |    781 |    781 |      0 |    447 |    170 |   1 |  781.0 |
         Sewer |    370 |    370 |      0 |    124 |    111 |   1 |  370.0 |
       Ossuary |    457 |    457 |      0 |    153 |    175 |   1 |  457.0 |
               +--------+--------+--------+--------+--------+-----+--------+

Top non-repeatable levels by time:
     D:8: 2205 daAuts
  Lair:1: 2193 daAuts
Spider:1: 2068 daAuts
     D:6: 1990 daAuts
Shoals:3: 1625 daAuts
Spider:4: 1594 daAuts
    D:13: 1544 daAuts
     D:5: 1443 daAuts
Shoals:4: 1408 daAuts
     D:7: 1388 daAuts
    D:10: 1374 daAuts
Spider:3: 1364 daAuts
  Lair:2: 1353 daAuts
    D:12: 1301 daAuts
Shoals:2: 1187 daAuts
